Map: Clair de lune fanatique EC (Void)

Players

AgCl

  • Race: Protoss Protoss
  • League: Silver

Nathanias - Winner!

  • Race: Terran Terran
  • League: Grandmaster

VOD

Have the link to the VOD?

Description

Time

  • Played on: July 14, 2015, 4:12 a.m.
  • Length: 7:03
Show
View Real Time Build Order
Export as new Build Order

AgCl Protoss 

Build Orders: Carrier Rush 

Get SALT Encoding   

  12  0:18  Probe  
  13  0:24  Pylon  
  13  0:30  Probe  
  14  0:40  Assimilator  
  14  0:42  Probe  
  15  0:53  Gateway, Assimilator  
  15  0:56  Probe  
  16  1:09  Probe (Chrono Boost)  
  17  1:14  Pylon  
  17  1:21  Probe (Chrono Boost)  
  18  1:29  Probe (Chrono Boost)  
  19  1:38  Probe (Chrono Boost)  
  20  1:40  Zealot (Chrono Boost)  
  20  1:44  Cybernetics Core  
  22  1:50  Probe (Chrono Boost)  
  23  1:58  Probe (Chrono Boost)  
  24  2:07  Probe  
  26  2:25  Stargate  
  26  2:28  Mothership Core (Chrono Boost)  
  26  2:29  Warp Gate  
  27  2:42  Probe (Chrono Boost)  
  24  2:54  Probe  
  25  3:05  Pylon  
  25  3:13  Probe  
  25  3:15  Fleet Beacon  
  23  3:25  Probe  
  17  4:02  Probe  
  18  4:14  Nexus  
  19  4:24  Probe (Chrono Boost)  
  19  4:30  Probe (Chrono Boost)  
  20  4:41  Probe (Chrono Boost)  
  21  4:48  Probe (Chrono Boost)  
  21  4:50  Carrier (Chrono Boost)  
  22  4:58  Probe (Chrono Boost)  
  23  5:06  Probe (Chrono Boost)  
  30  5:16  Probe (Chrono Boost)  
  31  5:26  Probe (Chrono Boost)  
  33  5:30  Probe (Chrono Boost)  
  33  5:35  Probe (Chrono Boost), Graviton Catapult  
  34  5:39  Probe (Chrono Boost)  
  35  5:47  Probe (Chrono Boost)  
  36  5:50  Probe (Chrono Boost)  
  37  6:02  Probe (Chrono Boost)  
  37  6:03  Probe (Chrono Boost)  
  45  6:18  Probe  
  45  6:24  Probe  
  45  6:25  Pylon  
  47  6:31  Probe  
  48  6:36  Probe  
  49  6:43  Probe  
Show
View Real Time Build Order
Export as new Build Order

Nathanias Terran - Winner!

Build Orders:  

Get SALT Encoding   

  12  0:01  SCV  
  13  0:13  SCV  
  14  0:17  Supply Depot  
  14  0:25  SCV  
  15  0:39  SCV  
  15  0:40  Barracks  
  16  0:46  Refinery  
  16  0:51  SCV  
  17  1:03  SCV  
  18  1:15  SCV  
  19  1:28  Orbital Command  
  19  1:29  Reaper  
  20  1:45  Engineering Bay  
  20  1:53  Supply Depot  
  20  1:55  SCV  
  21  2:01  Barracks Reactor  
  21  2:07  SCV  
  22  2:14  Missile Turret  
  22  2:16  Missile Turret  
  22  2:19  SCV  
  23  2:32  SCV  
  23  2:35  Command Center  
  23  2:44  SCV  
  24  2:51  Marine x2  
  26  2:56  SCV  
  27  3:05  Factory  
  27  3:08  SCV, Marine  
  27  3:09  Marine  
  30  3:20  SCV  
  31  3:46  Marine x2  
  31  3:47  SCV  
  34  3:52  Orbital Command  
  34  3:54  Widow Mine  
  35  3:55  Command Center  
  35  3:56  Starport  
  35  3:57  Supply Depot  
  35  3:58  Refinery  
  35  3:59  SCV  
  36  4:05  Marine x2  
  38  4:11  Supply Depot  
  38  4:17  Barracks  
  38  4:18  Barracks, Orbital Command  
  38  4:29  SCV  
  38  4:31  Marine x2  
  40  4:38  Factory Reactor  
  41  4:43  Medivac  
  41  4:44  SCV x2  
  45  4:48  Missile Turret  
  45  4:53  Marine x2  
  45  4:56  Supply Depot, SCV x2  
  49  5:03  Missile Turret  
  49  5:06  Barracks Tech Lab x2  
  49  5:08  SCV  
  49  5:12  Orbital Command  
  50  5:15  SCV  
  50  5:20  SCV  
  52  5:22  Refinery  
  52  5:24  Refinery  
  52  5:26  Factory Tech Lab  
  52  5:27  Combat Shields  
  52  5:30  SCV  
  52  5:33  SCV  
  52  5:34  Marauder  
  56  5:37  Marauder  
  56  5:40  Marine x2  
  56  5:42  SCV x2  
  62  5:45  SCV  
  63  5:51  Medivac  
  63  5:54  SCV x2  
  63  5:56  Marauder  
  69  5:57  SCV  
  69  6:03  Marauder  
  72  6:07  SCV  
  72  6:08  Marine x2  
  72  6:09  SCV  
  76  6:19  SCV  
  76  6:20  Marauder  
  76  6:21  Medivac  
  76  6:22  Medivac  
  76  6:24  Barracks  
  83  6:26  Barracks  
  83  6:27  SCV  
  83  6:30  Marine  
  83  6:31  Supply Depot  
  85  6:34  SCV  
  85  6:35  Marauder, Marine  
  85  6:39  SCV  
  88  6:46  SCV  
Tags
 
Add a new tag
Caveats
  • Supply blocks, unpowered buildings, or Contaminate may cause inaccurate times.
  • Supply counts are checked every 10 seconds.